goodgravy, chaotic male elven Wizard 1 -------------------- |........|...|PY@J.| |%...%-..|.-.|'@DDT| |..|.....|..`|zJH@.| |-.|..-1`|.-.|H.xq.| |...--.%.....|.%.H@| |...|...-...-|(%..)| |...|..|..`--|....%| |-..|..-----------|| |....%........1..1.| |...|.>------------- -------- goodgravy the Sorcerer Experience level: 20 Strength: 18 Dexterity: 18 Constitution: 15 Intelligence: 22 Wisdom: 24 Charisma: 14 Health: 0(102) Energy: 5(251) Def: 37 Gold: 46 Moves: 70542 Dungeon seed: CwOyyn4osTMFEDCy Game ID: goodgravy_1587673461 Your Inventory: Coins $ - 46 gold pieces Armor e - a blessed fireproof +5 cloak of magic resistance (being worn) f - an uncursed fireproof +0 pair of speed boots (being worn) n - a blessed greased +4 silver dragon scale mail (being worn) y - an uncursed +2 Hawaiian shirt (being worn) F - a blessed +4 helm of brilliance (being worn) Z - a cursed very burnt +1 pair of leather gloves (being worn) Scrolls V - an uncursed scroll of enchant armor Potions c - an uncursed potion of object detection h - a potion of unholy water Rings d - a cursed ring of slow digestion (on left hand) P - a cursed ring of free action (on right hand) Tools g - a cursed mirror Spells and supernatural/magical abilities: Name Level Category Fail Memory a - force bolt 1* attack 0% 0% d - dig 5 matter 0% 77% f - fireball 4 attack 0% 20% j - jumping 1* escape 0% 0% l - light 1* divination 0% 0% m - magic missile 2 attack 0% 32% n - detect monsters 1* divination 0% 0% p - protection 1* clerical 0% 0% r - remove curse 3* clerical 15% 0% u - confuse monster 2* enchantment 0% 0% v - clairvoyance 3* divination 0% 0% w - wizard lock 2 matter 0% 73% x - extra healing 3 healing 0% 20% z - sleep 1* enchantment 0% 0% B - cure blindness 2* healing 0% 0% C - cancellation 7 matter 50% 20% G - detect treasure 4* divination 0% 0% H - haste self 3* escape 15% 0% I - identify 3 divination 0% 19% L - levitation 4* escape 50% 0% M - magic mapping 5 divination 34% 73% O - create monster 2* clerical 0% 0% S - stone to flesh 3* healing 0% 0% T - turn undead 6* clerical 96% 0% W - pray for help -- divine ? -- Your skills at the end: Fighting Skills Weapon Skills dagger [Expert] quarterstaff [Basic] Spellcasting Skills attack spells [Expert] healing spells [Basic] divination spells [Basic] enchantment spells [Basic] matter spells [Skilled] Final Attributes: You were piously aligned. You were fire resistant. You were cold resistant. You were sleep resistant. You were poison resistant. You were magic-protected. You saw invisible. You were telepathic. You were warned. You had infravision. You had teleport control. You had slower digestion. You were protected. You were very fast. You had reflection. You had free action. You are dead (3rd time!). Vanquished creatures: Asmodeus Baalzebub Orcus Juiblex The Wizard of Yendor (4 times) a mastodon Medusa 4 iron golems a titan 6 purple worms a silver dragon a red dragon 3 white dragons 9 black dragons 4 blue dragons 26 minotaurs a jabberwock The Dark One 3 baluchitheria a demilich Vlad the Impaler 2 stone golems a master mind flayer a Nazgul 3 pit fiends 2 sandestins 2 hell hounds 4 titanotheres a trapper a baby gray dragon a baby red dragon a baby white dragon a baby orange dragon a baby green dragon a disenchanter 19 vampire lords 5 shades 5 skeletons 5 shopkeepers 2 captains 2 liches 2 water trolls a clay golem 3 nurses 5 ice devils 4 nalfeshnees 5 lurkers above 3 frost giants 4 ettins 2 golden nagas 16 black puddings 29 vampires 27 ghosts 5 lieutenants a watch captain 5 winged gargoyles a mind flayer 7 giant mimics 4 zruties 6 fire giants 5 ogre kings 3 ice trolls 11 rock trolls 3 umber hulks 2 flesh golems 7 hezrous 13 bone devils 7 large mimics 5 wumpuses 2 fire vortices 9 long worms 2 couatls 8 stalkers 2 air elementals 5 fire elementals 3 earth elementals 8 water elementals 4 hill giants 4 giant mummies 5 black nagas 13 xorns 18 giant zombies 11 elf-lords 15 sergeants 2 water demons a barbed devil 15 vrocks 2 salamanders 23 wargs 4 winter wolves 2 hell hound pups 22 small mimics 2 glass piercers 11 warhorses a steam vortex 11 xans 6 ettin mummies 4 ogre lords 8 quantum mechanics 12 trolls a sasquatch 4 wood golems 4 sharks 2 electric eels 12 gelatinous cubes 5 pyrolisks 5 large dogs 5 freezing spheres 3 flaming spheres 4 shocking spheres 4 large cats 4 tigers 5 gargoyles 3 dwarf kings 14 tengu 11 ochre jellies 9 leocrottas 4 energy vortices a mountain centaur 11 stone giants 7 elf mummies 3 human mummies 6 red nagas 4 green slimes 5 pit vipers 5 pythons 2 cobras 34 wraiths 4 carnivorous apes 18 ettin zombies 4 leather golems 2 Grey-elves 51 soldiers 4 watchmen 2 horned devils 4 succubi 5 incubi 8 chameleons 3 crocodiles 14 giant beetles 6 quivering blobs 27 cockatrices 8 wolves 7 winter wolf cubs 5 lynxes 7 panthers 34 gremlins 3 spotted jellies 19 leprechauns 4 orc-captains 3 iron piercers 3 mumakil 11 giant spiders 6 scorpions 4 horses an ice vortex 9 black lights 64 vampire bats 3 forest centaurs 8 gnome kings 10 orc mummies 5 dwarf mummies 4 ogres 17 brown puddings 8 rust monsters 12 owlbears 9 yetis 6 gold golems 4 werewolves 8 Green-elves 13 giant eels 13 lizards 2 apprentices 8 chickatrices 5 dogs 12 dingos 2 housecats 4 jaguars 3 dwarf lords 7 blue jellies 7 white unicorns 2 gray unicorns a black unicorn 3 dust vortices 6 ravens 9 plains centaurs 9 gnome mummies 6 snakes 2 water moccasins 6 apes 15 human zombies a rope golem 9 Woodland-elves 18 soldier ants 3 fire ants 26 bugbears 3 imps 8 lemures 6 quasits 10 wood nymphs 9 water nymphs 3 mountain nymphs 23 Mordor orcs 21 Uruk-hai 5 orc shamans 13 rock piercers 7 rock moles 7 ponies a fog cloud 11 yellow lights 4 shriekers 5 violet fungi 17 gnome lords 9 gnomish wizards 4 kobold mummies 4 red naga hatchlings 2 black naga hatchlings 9 gray oozes 6 barrow wights 13 elf zombies 16 ghouls 2 straw golems 5 paper golems 3 jellyfish a baby crocodile 20 giant ants 11 little dogs 11 floating eyes a kitten 25 dwarves 12 homunculi 6 kobold lords 6 kobold shamans 42 hill orcs 24 rothes 5 rabid rats 4 centipedes 8 giant bats 8 monkeys 13 orc zombies 25 dwarf zombies 4 werejackals 16 iguanas 44 killer bees 10 acid blobs 12 coyotes 8 gas spores 11 hobbits 15 manes 2 large kobolds 18 hobgoblins 8 giant rats 24 cave spiders 2 brown molds 9 yellow molds 4 green molds 4 red molds 58 gnomes 14 garter snakes 8 gnome zombies 18 geckos 20 jackals 5 foxes 11 kobolds 6 goblins 11 sewer rats 21 grid bugs 8 bats 15 lichens 13 kobold zombies 18 newts 2221 creatures vanquished. Genocided species: liches demiliches master liches arch-liches jellyfish piranhas sharks giant eels electric eels krakens 10 species genocided. Voluntary challenges: You had followed a strict vegetarian diet until turn 2019. You used a wielded weapon 2594 times, starting on turn 126. You read items or engraved 939 times, starting on turn 220. You genocided 10 types of monsters, starting on turn 48796. You polymorphed 560 items, starting on turn 19826. You never changed form. You used 3 wishes, starting on turn 44014. You did not wish for any artifacts. You split 16 puddings, starting on turn 38725. You wrote Elbereth's name 408 times, starting on turn 2292. You violated your moral code, losing 1606 points of alignment, starting on turn 7612. Dungeon overview: The Dungeons of Doom: levels 1 to 25 Level 1 a long staircase Level 2 a general store Level 3 some altars to Ptah and Anhur, a fountain stairs to The Gnomish Mines Level 4 a general store Level 5 Level 6 Level 7 Level 8 Level 9 many fountains Level 10 many fountains stairs to Sokoban Level 11 Level 12 a sink Level 13 some fountains Level 14 an altar to Anhur, some fountains Level 15 a fountain portal to The Quest Level 16 a fountain Level 17 some fountains Level 18 Level 19 Level 20 a fountain Level 21 Level 22 Level 23 Level 24 Level 25 Gehennom: levels 26 to 46 Level 26 a temple to Moloch stairs to The Dungeons of Doom Level 27 Level 28 Level 29 Level 30 Level 31 Level 32 some fountains Level 33 Level 34 Level 35 some shops, an altar to Moloch stairs to Vlad's Tower Level 36 Level 37 Level 38 portal to Gehennom Level 39 Level 40 Level 41 Level 42 Level 43 Level 44 Level 45 Level 46 portal to Gehennom The Gnomish Mines: levels 4 to 12 Level 4 stairs to The Dungeons of Doom Level 5 Level 6 many shops, a temple to Anhur Level 7 Level 8 Level 9 Level 10 Level 11 Level 12 some fountains The Quest: levels 1 to 5 Level 1 a throne portal to The Dungeons of Doom Level 2 Level 3 Level 4 Level 5 a temple to Ptah Sokoban: levels 6 to 9 Level 6 Level 7 <- You were here Level 8 Level 9 stairs to The Dungeons of Doom Vlad's Tower: levels 32 to 34 Level 32 Level 33 Level 34 stairs to Gehennom History has recorded: On T:1 you entered the Dungeons of Doom to retrieve the Amulet of Yendor! On T:178 you reached level 2 of The Dungeons of Doom. On T:826 you advanced to experience level 2. On T:853 you reached level 3 of The Dungeons of Doom. On T:1011 you reached level 1 of The Gnomish Mines. On T:1372 you advanced to experience level 3. On T:1788 you received Magicbane from Anhur. On T:2011 you advanced to experience level 4. On T:2267 you reached level 2 of The Gnomish Mines. On T:2296 you advanced to experience level 5. On T:2783 you advanced to experience level 6. On T:3626 you reached level 4 of The Dungeons of Doom. On T:4818 you reached level 3 of The Gnomish Mines. On T:5238 you reached level 4 of The Gnomish Mines. On T:6215 you advanced to experience level 7. On T:6633 you reached level 5 of The Dungeons of Doom. On T:6857 you advanced to experience level 8. On T:7858 you reached level 6 of The Dungeons of Doom. On T:8026 you reached level 7 of The Dungeons of Doom. On T:8169 you reached level 8 of The Dungeons of Doom. On T:9015 you reached level 9 of The Dungeons of Doom. On T:9304 you advanced to experience level 9. On T:9427 you reached level 10 of The Dungeons of Doom. On T:11694 you reached level 11 of The Dungeons of Doom. On T:11975 you reached level 12 of The Dungeons of Doom. On T:13921 you reached level 4 of Sokoban. On T:14394 you reached level 3 of Sokoban. On T:14918 you advanced to experience level 10. On T:15158 you reached level 2 of Sokoban. On T:15739 you reached level 1 of Sokoban. On T:20098 you reached level 13 of The Dungeons of Doom. On T:20839 you reached level 14 of The Dungeons of Doom. On T:21321 you advanced to experience level 11. On T:22091 you reached level 15 of The Dungeons of Doom. On T:22571 you reached level 16 of The Dungeons of Doom. On T:23227 you reached level 17 of The Dungeons of Doom. On T:23440 you reached level 18 of The Dungeons of Doom. On T:24056 you reached level 1 of The Quest. On T:25182 you reached level 5 of The Gnomish Mines. On T:25660 you reached level 6 of The Gnomish Mines. On T:26036 you reached level 7 of The Gnomish Mines. On T:26104 you reached level 8 of The Gnomish Mines. On T:26785 you reached level 9 of The Gnomish Mines. On T:34930 you reached level 19 of The Dungeons of Doom. On T:35281 you reached level 20 of The Dungeons of Doom. On T:35437 you reached level 21 of The Dungeons of Doom. On T:35589 you advanced to experience level 12. On T:36565 you killed Medusa on level 21 of The Dungeons of Doom. On T:38646 you reached level 22 of The Dungeons of Doom. On T:38711 you reached level 23 of The Dungeons of Doom. On T:38910 you reached level 24 of The Dungeons of Doom. On T:40504 you reached The Castle. On T:43785 you advanced to experience level 13. On T:44014 you wished for "blessed greased +2 silver dragon scale mail". On T:44046 you wished for "uncursed magic marker". On T:44050 you wished for "wand of polymorph". On T:48795 you advanced to experience level 14. On T:48795 you advanced to experience level 15. On T:49256 you embarked upon an epic quest. On T:49295 you reached level 2 of The Quest. On T:49681 you reached level 3 of The Quest. On T:50166 you reached level 4 of The Quest. On T:50309 you reached level 5 of The Quest. On T:50435 you killed Dark One on level 5 of The Quest. On T:50676 you completed the quest! On T:51822 you reached The Valley of the Dead. On T:53835 you advanced to experience level 16. On T:54288 you advanced to experience level 17. On T:55185 you advanced to experience level 18. On T:55751 you advanced to experience level 19. On T:56200 you reached level 2 of Gehennom. On T:56218 you reached level 3 of Gehennom. On T:57489 you reached level 4 of Gehennom. On T:58656 you killed Asmodeus in The Valley of the Dead. On T:59087 you reached level 5 of Gehennom. On T:59898 you reached level 6 of Gehennom. On T:60282 you advanced to experience level 20. On T:62254 you reached level 7 of Gehennom. On T:62629 you killed Juiblex on level 7 of Gehennom. On T:62989 you reached level 8 of Gehennom. On T:63595 you reached level 13 of Gehennom. On T:63928 you reached level 11 of Gehennom. On T:64066 you reached level 10 of Gehennom. On T:64780 you reached level 9 of Gehennom. On T:65667 you reached level 3 of Vlad's Tower. On T:66133 you killed Baalzebub on level 10 of Gehennom. On T:66947 you killed Orcus on level 9 of Gehennom. On T:67836 you reached level 2 of Vlad's Tower. On T:67974 you reached level 1 of Vlad's Tower. On T:68704 you killed Wizard of Yendor on level 11 of Gehennom. On T:69043 you killed Wizard of Yendor on level 13 of Gehennom. On T:69051 you killed Wizard of Yendor on level 13 of Gehennom. On T:69204 you reached level 14 of Gehennom. On T:69344 you reached level 15 of Gehennom. On T:69344 you were saved from death by your amulet of life saving! On T:69524 you reached level 16 of Gehennom. On T:69549 you reached level 17 of Gehennom. On T:69577 you reached level 18 of Gehennom. On T:69889 you reached level 19 of Gehennom. On T:69905 you reached level 20 of Gehennom. On T:70114 you reached level 21 of Gehennom. On T:70536 you were saved from death by your amulet of life saving! Score breakdown: Gold: 46 ( 5687 points) Experience: 20 levels (24282 points) Exploration: 46 levels ( 93.88%) (29047 points) Discoveries: 84 items ( 30.22%) (16490 points) Valuables value: (no points given unless you survive) Artifact value: 0 ( 0 points) Variety of kills: 271 monsters ( 71.13%) (25301 points) Turncount: 70542 turns (-5264 points) Survival: died (score multiplied by 80%) Total score: 76434 Latest messages: The zruty misses. (3x) The yellow dragon bites! The yellow dragon hits! (2x) The jabberwock misses. (4x) The minotaur hits! (2x) The minotaur butts! The invisible Wizard of Yendor hits! The invisible Wizard of Yendor points at you, then curses. You hit the jabberwock. The carnivorous ape misses. (2x) The green slime touches you! The zruty misses. The zruty hits! The zruty just misses! The iron golem misses. The yellow dragon misses. (3x) The jabberwock misses. The jabberwock bites! The jabberwock hits! (2x) The minotaur hits! (2x) The minotaur butts! The invisible Wizard of Yendor hits! The invisible Wizard of Yendor casts a spell at you! Your head suddenly aches very painfully! You die... Final status: Goodbye goodgravy the Wizard, killed by the invisible Wizard of Yendor... You died in Sokoban on dungeon level 7 with 76434 points, and 46 pieces of gold, after 70542 moves. You were level 20 with a maximum of 102 hit points when you died.